 Dungeon Crawl Stone Soup version 0.22.1-1-ga44c0e5 (webtiles) character file.

4109 whitewolfNL the Carver (level 10, -1/71 HPs)
             Began as a Human Fighter on Sept 23, 2018.
             Was a Priest of Okawaru.
             Slain by a killer bee (2 damage)
             ... on level 10 of the Dungeon on Sept 25, 2018.
             The game lasted 01:53:47 (20400 turns).

whitewolfNL the Carver (Human Fighter)             Turns: 20400, Time: 01:53:47

Health: -1/71      AC: 23    Str: 21    XL:     10   Next: 50%
Magic:  10/10      EV:  6    Int: 13    God:    Okawaru [***...]
Gold:   467        SH: 11    Dex: 13    Spells: 9/9 levels left

rFire    . . .     SeeInvis .   D - +0 scimitar
rCold    . . .     Gourm    .   c - +1 shield
rNeg     . . .     Faith    .   J - +0 plate armour
rPois    .         Spirit   .   i - +0 helmet
rElec    .         Reflect  .   L - +0 cloak (curse)
rCorr    +         Harm     .   (no gloves)
MR       .....                  v - +2 pair of boots
Stlth    ..........             P - amulet of the acrobat
HPRegen  0.21/turn              q - +4 ring of protection
MPRegen  0.12/turn              b - ring of resist corrosion

@: lethally poisoned (-1 -> -5), very slightly contaminated
A: clever 2, strong 1
a: Heroism, Renounce Religion


You were on level 10 of the Dungeon.
You worshipped Okawaru.
Okawaru was most pleased with you.
You were not hungry.

You visited 2 branches of the dungeon, and saw 12 of its levels.

You collected 467 gold pieces.

Inventory:

Hand Weapons
 d - a +2 shortbow of velocity
 A - a +4 flail
 C - a +0 morningstar of holy wrath
 D - a +0 scimitar (weapon)
 K - a +3 dagger of protection
 Q - a +0 hand crossbow
Missiles
 e - 18 bolts
 k - 145 stones (quivered)
 l - 73 sling bullets
 n - 65 poisoned needles
 o - 12 tomahawks
 r - 205 arrows
 s - 11 needles of confusion
Armour
 c - a +1 shield (worn)
 i - a +0 helmet (worn)
 v - a +2 pair of boots (worn)
 J - a +0 plate armour (worn)
 L - a cursed +0 cloak (worn)
Jewellery
 b - a ring of resist corrosion (right hand)
 q - a +4 ring of protection (left hand)
 P - an amulet of the acrobat (around neck)
Wands
 B - a wand of clouds (1)
 E - a wand of enslavement (17)
 G - a wand of polymorph (16)
 H - a wand of digging (10)
Scrolls
 g - 5 scrolls of remove curse
 h - a scroll of noise {unknown}
 j - a scroll of magic mapping {unknown}
 p - a scroll of fear {unknown}
 u - a scroll of random uselessness {unknown}
 w - a scroll of enchant armour
 z - a scroll of amnesia
 I - a scroll of teleportation {unknown}
 M - a scroll of identify
 N - a scroll of acquirement {unknown}
Potions
 a - a potion of flight {unknown}
 m - 2 potions of brilliance
 t - a potion of ambrosia {unknown}
Comestibles
 f - 7 rations


   Skills:
 - Level 4.1 Fighting
 - Level 0.2(6.2) Short Blades
 - Level 10.0 Long Blades
 + Level 7.9 Armour
 * Level 4.0 Dodging
 * Level 5.2 Stealth
 - Level 4.2 Shields
 + Level 1.1 Invocations


You had 9 spell levels left.
You didn't know any spells.
Your spell library contained the following spells:

 Spells                   Type           Power        Failure   Level  Hunger
 Magic Dart               Conj           #...         100%        1    ##.....
 Blink                    Tloc           N/A          100%        2    ###....
 Call Imp                 Summ           #.......     100%        2    ###....
 Slow                     Hex            #.......     100%        2    ###....
 Conjure Flame            Conj/Fire      #.......     100%        3    ####...
 Mephitic Cloud           Conj/Pois/Air  #.......     100%        3    ####...


Dungeon Overview and Level Annotations

Branches:
Dungeon (11/15)            Temple (1/1) D:5
   Lair: D:8-11         Orc: D:9-12

Altars:
Ashenzari
Cheibriados
Dithmenos
Elyvilon
Fedhas
Gozag
Hepliaklqana
Kikubaaqudgha
Makhleb
Nemelex Xobeh
Okawaru
Qazlal
Ru
Sif Muna
Trog
Uskayaw
Vehumet
Wu Jian
Xom
Yredelemnul
Zin
The Shining One

Shops:
D:8 %   D:10 }

Annotations:
D:5 Goblin1989's ghost, novice DsVM; Menkaure
D:8 Gastronok


Innate Abilities, Weirdness & Mutations

Your mind is very acute. (Int +4)
Your muscles are strong. (Str +2)


Message History

As you read the scroll of blinking, it crumbles to dust.
You feel sick.
You can't go up here!
You feel sick.
You climb downwards.
An adder, 4 yaks and a gargoyle come into view.
The gargoyle is wielding a flail of distortion.
You feel sick.
The yak bellows! x4; The adder hisses angrily.
You hear a screech!
You hear a shout! x2
There is a stone staircase leading up here.
The gargoyle hits you with a flail of distortion.
* * * LOW HITPOINT WARNING * * *
Space bends around you.
* * * LOW HITPOINT WARNING * * *
You block the yak's attack.
You climb upwards.
* * * LOW HITPOINT WARNING * * *
You feel sick. You block the killer bee's attack. The killer bee stings you.
You die...

########.........#.##.###.....
###### #.........#....# #.####
#....# #.........###### #.# #
#....# #..)....##########.# #
#....# #......>'..........# #
#....# #.......############ #
.....# #.......# ######
.....###########9## #.....
...............y@# #.####
.........#######Y## #.#
.....###.# #.....# #.# .....#
#..# #.....# #######.####
..#### ##.# #.....#
#........... ..# .. #.....#
#.####.##### ..# .........#
#.#..#.# # ### .........#
#.#..#.# # .....##+##
#.#<.#.#####


You could see a yak, a gargoyle and a killer bee.

Vanquished Creatures
  Maurice (D:8)
  A spriggan (D:9)
  4 yaks (D:9)
  A water moccasin (D:6)
  An orc warrior (D:7)
  2 phantoms (D:8)
  An ice beast (D:8)
  A necrophage (D:9)
  A black bear (D:7)
  A sky beast (D:9)
  An ogre (D:4)
  5 centaurs
  5 bullfrogs
  4 scorpions
  5 killer bees (D:10)
  2 howler monkeys (D:7)
  11 crimson imps
  A bullfrog zombie (D:6)
  A centaur zombie (D:8)
  A jelly (D:5)
  An orc priest (D:9)
  3 hounds
  Crazy Yiuf (D:5)
  A bullfrog skeleton (D:7)
  An orc wizard (D:9)
  3 worker ants
  A hound skeleton (D:9)
  A worker ant zombie (D:8)
  7 gnolls
  A howler monkey skeleton (D:5)
  9 adders
  3 oozes
  An adder zombie (D:5)
  2 worms (D:3)
  3 dart slugs
  2 leopard geckos
  15 orcs
  2 giant cockroaches
  5 goblins
  5 hobgoblins
  8 jackals
  4 kobolds
  6 quokkas
  2 ball pythons
  12 bats
  3 frilled lizards
  A jackal skeleton (D:6)
  15 rats
168 creatures vanquished.

Notes
Turn   | Place    | Note
-------+----------+-------------------------------------------
     0 | D:1      | whitewolfNL the Human Fighter began the quest for the Orb.
     0 | D:1      | Reached XP level 1. HP: 18/18 MP: 1/1
   491 | D:1      | Reached XP level 2. HP: 18/24 MP: 2/2
   800 | D:1      | Reached XP level 3. HP: 20/29 MP: 3/3
  2387 | D:2      | Reached XP level 4. HP: 32/35 MP: 4/4
  2533 | D:2      | Reached skill level 1 in Stealth
  6461 | D:3      | Gained mutation: Your mind is acute. (Int +2) [potion of
                  | mutation]
  6461 | D:3      | Gained mutation: Your mind is very acute. (Int +4) [potion
                  | of mutation]
  6461 | D:3      | Gained mutation: Your muscles are strong. (Str +2) [potion
                  | of mutation]
  6614 | D:3      | Reached XP level 5. HP: 41/41 MP: 5/5
  8186 | D:4      | Reached XP level 6. HP: 48/48 MP: 6/6
  8283 | D:4      | Noticed an ogre
  8303 | D:4      | Killed an ogre
  8303 | D:4      | Reached skill level 3 in Long Blades
  8817 | D:5      | Entered Level 5 of the Dungeon
  8874 | D:5      | Reached skill level 1 in Dodging
  8984 | D:5      | Reached XP level 7. HP: 52/54 MP: 7/7
  9006 | D:5      | Found a runed door.
  9027 | D:5      | Noticed Goblin1989's ghost (novice DsVM)
  9485 | D:5      | Found a staircase to the Ecumenical Temple.
  9731 | D:5      | Reached skill level 4 in Long Blades
  9995 | D:5      | Noticed Menkaure
 10426 | D:5      | Found a runed door.
 10430 | D:5      | Noticed Crazy Yiuf
 10480 | D:5      | Killed Crazy Yiuf
 11801 | Temple   | Entered the Ecumenical Temple
 12001 | Temple   | Became a worshipper of Warmaster Okawaru
 12361 | D:6      | Reached skill level 5 in Long Blades
 12707 | D:6      | Noticed a water moccasin
 12738 | D:6      | Killed a water moccasin
 12738 | D:6      | Reached skill level 6 in Long Blades
 12738 | D:6      | Reached XP level 8. HP: 53/60 MP: 8/8
 13345 | D:7      | Found a flagged portal.
 13463 | D:7      | Reached skill level 7 in Long Blades
 13579 | D:7      | Reached * piety under Okawaru
 15574 | D:8      | Found Ifeplas's Food Boutique.
 15595 | D:8      | Reached skill level 8 in Long Blades
 15595 | D:8      | Reached skill level 5 in Armour
 15666 | D:8      | Reached XP level 9. HP: 65/65 MP: 9/9
 15729 | D:8      | Found a blossoming altar of Fedhas.
 16035 | D:8      | Noticed Maurice
 16116 | D:8      | Killed Maurice
 16116 | D:8      | Reached skill level 9 in Long Blades
 16454 | D:8      | Noticed Gastronok
 17568 | D:9      | Reached skill level 10 in Long Blades
 17987 | D:9      | Reached ** piety under Okawaru
 17990 | D:9      | Reached XP level 10. HP: 51/71 MP: 10/10
 18743 | D:9      | Reached skill level 1 in Invocations
 19336 | D:10     | Entered Level 10 of the Dungeon
 19474 | D:10     | Reached skill level 5 in Stealth
 19555 | D:10     | Found Pisud's Gadget Shop.
 20055 | D:10     | Reached *** piety under Okawaru
 20398 | D:11     | Noticed a gargoyle
 20399 | D:11     | HP: 3/71 [gargoyle/flail of distortion (4)]
 20400 | D:10     | HP: 1/71 [poisoned by a killer bee]
 20400 | D:10     | Slain by a killer bee

Skill      XL: |  1  2  3  4  5  6  7  8  9 10 |
---------------+-------------------------------+-----
Stealth        | 1 2 3 5 |  5.2
Shields        | 4 |  4.2
Fighting       | 4 |  4.1
Long Blades    | 3 6 8 10 | 10.0
Armour         | 4 5 6 7 |  7.9
Dodging        | 1 2 4 |  4.0
Invocations    | 1 |  1.1
Short Blades   | |  0.2

Action                   |  1- 3 |  4- 6 |  7- 9 | 10-12 || total
-------------------------+-------+-------+-------+-------++-------
Melee: Long sword        |    57 |   201 |   218 |       ||   476
       Dagger            |   375 |   295 |       |       ||   670
       Falchion          |       |       |   115 |       ||   115
       Scimitar          |       |       |   260 |   162 ||   422
       Flail             |       |       |     8 |       ||     8
       Morningstar       |       |       |    35 |    45 ||    80
Invok: Heroism           |       |       |     4 |     2 ||     6
  Use: Scroll            |     2 |     2 |     5 |     3 ||    12
       Potion            |       |     7 |     4 |       ||    11
  Eat: Chunk             |     3 |     4 |     4 |     1 ||    12
       Ration            |     1 |     5 |     8 |     2 ||    16
Armor: Scale mail        |    40 |       |       |       ||    40
       Robe              |     2 |       |       |       ||     2
       Chain mail        |   235 |   320 |   150 |       ||   705
       Plate armour      |       |       |   110 |   135 ||   245
Dodge: Dodged            |    83 |   102 |   102 |    61 ||   348
Block: Shield            |   254 |   268 |   282 |   139 ||   943
       Rpst.: Long sword |     7 |    12 |    11 |       ||    30
       Falchion          |       |       |     3 |       ||     3
       Scimitar          |       |       |    14 |    15 ||    29
